 Dungeon Crawl Stone Soup version 0.30.0-5-g1a98f26d00 (webtiles) character file.

Game seed: 608556509526976566

103 lastplaneout the Ruffian (level 4, -2/44 HPs)
             Began as a Troll Berserker on May 9, 2023.
             Was a Believer of Trog.
             Slain by a gnoll
             ... wielding a +0 club
              (6 damage)
             ... on level 2 of the Dungeon.
             The game lasted 00:02:54 (928 turns).

lastplaneout the Ruffian (Troll Berserker)           Turns: 928, Time: 00:02:55

Health: -2/44      AC:  4    Str: 24 (27) XL:     4   Next: 51%
Magic:  3/3        EV: 10    Int:  2 (3)  God:    Trog [**....]
Gold:   169        SH:  0    Dex:  8 (9)  Spells: 3/3 levels left

rFire   + .          .
                       - Unarmed
rCold   + . .        (no shield)
rNeg    . . .        a - +0 animal skin
rPois   +            (helmet restricted)
rElec   +            (no cloak)
rCorr   +            (gloves unavailable)
SInv    .            (boots unavailable)
Will    .....        (no amulet)
Stlth   +            (no ring)
HPRegen 1.07/turn    (no ring)
MPRegen 0.08/turn

%: no passive effects
@: resistant, on berserk cooldown, slowed, very slow
A: large, unfitting armour, claws 3, regeneration 1, shaggy fur 1, tough skin 1
a: Renounce Religion, Berserk, Trog's Hand


You were on level 2 of the Dungeon.
You worshipped Trog.
Trog was pleased with you.
You visited 1 branch of the dungeon, and saw 2 of its levels.

You collected 169 gold pieces.

Inventory:

Hand Weapons
 d - a +0 whip of venom
Armour
 a - a +0 animal skin (worn)
Scrolls
 b - a scroll of identify
 c - a scroll of teleportation {unknown}
 e - a scroll of fear
 h - a scroll of amnesia {unknown}
 j - a scroll of torment {unknown}
Potions
 i - a potion of resistance


   Skills:
 - Level 2.4 Fighting
 - Level 2.4 Dodging
 + Level 5.3 Unarmed Combat


You had 3 spell levels left.
You didn't know any spells.
Your spell library was empty.

Dungeon Overview and Level Annotations

Branches:
Dungeon (2/15)

Altars:

Annotations:
D:2 Robin


Innate Abilities, Weirdness & Mutations

You are too large for most types of armour.
You have claws for hands.
Your natural rate of healing is unusually fast.
You are covered in fur. (AC +1)
You have tough skin. (AC +1)


Message History

The gnoll barely misses you. The goblin closely misses you.
Robin hits you but does no damage.
You scratch the gnoll.
The gnoll is heavily wounded.
You are no longer berserk.
You are exhausted.
You feel yourself slow down.
It was a potion of resistance.
You feel protected. The goblin hits you with a +0 club.
The gnoll barely misses you. The gnoll hits you with a +0 club.
* * * LOW HITPOINT WARNING * * *
The goblin hits you with a +0 club.
* * * LOW HITPOINT WARNING * * *
Robin roars a battlecry!
The goblin goes into a battle-frenzy!
It was a potion of degeneration.
There was something very wrong with that liquid.
You feel weakened.
You feel dopey.
You feel clumsy. The goblin hits you with a +0 club.
* * * LOW HITPOINT WARNING * * *
The gnoll hits you with a +0 club.
* * * LOW HITPOINT WARNING * * *
It was a potion of curing.
You feel better. The gnoll barely misses you.
Robin hits you but does no damage. The goblin closely misses you.
The goblin hits you with a +0 club.
* * * LOW HITPOINT WARNING * * *
Robin closely misses you. The gnoll hits you with a +0 club.
* * * LOW HITPOINT WARNING * * *
It was a potion of magic.
Magic courses through your body.
Robin hits you from afar with a +0 spear.
* * * LOW HITPOINT WARNING * * *
The gnoll hits you with a +0 club.
* * * LOW HITPOINT WARNING * * *
The goblin barely misses you.
As you read the scroll labelled DUOTOZOCAUN, it crumbles to dust.
It is a scroll of identify.
e - a scroll of fear The gnoll hits you with a +0 club.
You die...

..# ..# #.. ..#
##.. #.#
#...###### #.#
##........# #.#
#..#......# #g#
#..#......# #g#
...#......# #@#
..#.......######g#
...............gg#
......##########)#
..##### #)# .##
#...).# ..#
#......gg. .....
#............
......
#............


You could see Robin, 2 gnolls and 2 goblins.

Vanquished Creatures
  Terence (D:2)
  2 gnolls (D:2)
  2 dart slugs (D:1)
  2 ball pythons
  6 endoplasms
  3 giant cockroaches (D:1)
  4 hobgoblins
  8 jackals
  A quokka (D:1)
  3 bats
  A frilled lizard (D:2)
  10 goblins
  7 kobolds
  A rat (D:1)
51 creatures vanquished.

Notes
Turn   | Place    | Note
-------+----------+-------------------------------------------
     0 | D:1      | lastplaneout the Troll Berserker began the quest for the
                  | Orb.
     0 | D:1      | Reached XP level 1. HP: 22/22 MP: 0/0
   116 | D:1      | Reached XP level 2. HP: 29/29 MP: 1/1
   235 | D:1      | Reached skill level 4 in Unarmed Combat
   348 | D:1      | Reached XP level 3. HP: 34/36 MP: 2/2
   460 | D:1      | Reached ** piety under Trog
   853 | D:2      | Noticed Terence
   861 | D:2      | Killed Terence
   862 | D:2      | Reached skill level 5 in Unarmed Combat
   862 | D:2      | Reached XP level 4. HP: 35/44 MP: 3/3
   884 | D:2      | Noticed Robin
   925 | D:2      | HP: 1/44 [gnoll/+0 club (3)]
   928 | D:2      | Slain by a gnoll

Illustrated notes

Levels and vault maps discovered:
D:1:      minmay_arrival_doors, layout_loops_ring
D:2:      layout_rooms, uniq_crazy_yiuf_cottage, uniq_terence, uniq_robin

Skill      XL: |  1  2  3 |
---------------+----------+-----
Unarmed Combat | 4 5 |  5.3
Fighting       | |  2.4
Dodging        | |  2.4

Action                     |  1- 3 |  4- 6 || total
---------------------------+-------+-------++-------
  Melee: Unarmed           |    95 |    38 ||   133
         Punch             |     1 |     1 ||     2
 Invoke: Berserk           |       |     1 ||     1
    Use: Potion            |       |     4 ||     4
         Scroll            |       |     1 ||     1
   Stab: Sleeping          |     2 |       ||     2
 Armour: Animal skin       |    25 |    18 ||    43
  Dodge: Dodged            |    43 |    37 ||    80
